 Dungeon Crawl Stone Soup version 0.26.1-11-gd32895ea62 (webtiles) character file.

Game seed: 5781377630663751911

44049 seveneves the Peltast (level 13, -4/111 HPs)
             Began as a Minotaur Fighter on July 18, 2021.
             Was a Believer of Qazlal.
             Slain by a phantasmal warrior (20 damage)
             ... on level 1 of the Depths.
             The game lasted 01:34:42 (11169 turns).

seveneves the Peltast (Minotaur Fighter)           Turns: 11169, Time: 01:34:43

Health: -4/111     AC: 13    Str: 38    XL:     13   Next: 94%
Magic:  2/15       EV: 13    Int:  5    God:    Qazlal [**....]
Gold:   787        SH: 42    Dex: 10    Spells: 12/12 levels left

rFire    . . .     SeeInvis .   g - +5 whip of the Poles {elec, rC++}
rCold    + + .     Faith    .   c - +18 shield of the Gong {rElec rN+ Will+ EV-5}
rNeg     + . .     Spirit   .   k - +3 scale mail {rPois}
rPois    +         Reflect  +   (helmet restricted)
rElec    +         Harm     .   (no cloak)
rCorr    .         Rampage  .   w - +1 pair of gloves
Will     +....                  (no boots)
Stlth    +.........             u - amulet "Keblifou" {Reflect Str+6 SH+5}
HPRegen  0.28/turn              q - +6 ring of strength
MPRegen  0.14/turn              t - +4 ring of evasion

@: about to teleport
A: retaliatory headbutt, horns 2
a: Renounce Religion, Upheaval


You were on level 1 of the Depths.
You worshipped Qazlal.
Qazlal was pleased with you.
You visited 2 branches of the dungeon, and saw 16 of its levels.

You collected 787 gold pieces.

Inventory:

Hand Weapons
 d - a +3 shortbow
 g - the +5 whip of the Poles (weapon) {elec, rC++}
   (You found it on level 9 of the Dungeon)

   Occasionally, upon striking a foe, it can discharge electrical energy and
   cause terrible harm.
   It greatly protects you from cold.
 D - a +4 great sword of freezing
Missiles
 y - 17 arrows
Armour
 b - a +0 kite shield of protection
 c - the +18 shield of the Gong (worn) {rElec rN+ Will+ EV-5}
   (You took it off an orc warrior on level 6 of the Dungeon)

   It affects your evasion (-5).
   It insulates you from electricity.
   It protects you from negative energy.
   It affects your willpower, your defense against some magical effects.
 k - a +3 scale mail of poison resistance (worn)
 p - a +3 scale mail of fire resistance
 s - +0 steam dragon scales
 w - a +1 pair of gloves (worn)
 C - +0 acid dragon scales
Jewellery
 q - a +6 ring of strength (left hand)
 t - a +4 ring of evasion (right hand)
 u - the amulet "Keblifou" (around neck) {Reflect Str+6 SH+5}
   (You found it on level 4 of the Dungeon)

   [amulet of reflection]

   It shields you and reflects attacks.
   It affects your strength (+6).
   It affects your SH (+5).
Wands
 A - a wand of iceblast (9)
Scrolls
 a - 3 scrolls of fog
 f - 4 scrolls of remove curse
 j - 4 scrolls of identify
 l - 3 scrolls of magic mapping
 n - 3 scrolls of teleportation
 v - 3 scrolls of enchant weapon
Potions
 e - a potion of cancellation
 h - a potion of magic
 i - a potion of haste
 m - a potion of curing
 o - 2 potions of invisibility {unknown}
 x - a potion of heal wounds
 z - 2 potions of brilliance {unknown}
 B - 2 potions of flight
Miscellaneous
 r - a phial of floods


   Skills:
 + Level 9.3 Fighting
 + Level 6.2 Long Blades
 + Level 10.6 Maces & Flails
 + Level 9.3 Polearms
 + Level 3.4 Throwing
 + Level 8.7 Armour
 + Level 7.6 Dodging
 + Level 2.9 Stealth
 + Level 17.7 Shields
 + Level 5.1 Invocations
 + Level 0.7 Evocations


You had 12 spell levels left.
You didn't know any spells.
Your spell library contained the following spells:

 Spells                   Type           Power        Failure   Level
 Apportation              Tloc           0%           65%         1
 Beastly Appendage        Tmut           0%           65%         1
 Corona                   Hex            0%           65%         1
 Sandblast                Erth           0%           65%         1
 Ensorcelled Hibernation  Hex/Ice        0%           78%         2
 Passwall                 Tmut/Erth      0%           78%         2
 Wereblood                Tmut           0%           78%         2
 Confusing Touch          Hex            0%           95%         3
 Dazzling Flash           Conj/Hex       0%           95%         3
 Gell's Gravitas          Tloc           0%           95%         3
 Lesser Beckoning         Tloc           0%           95%         3
 Spider Form              Tmut/Pois      0%           95%         3
 Stone Arrow              Conj/Erth      0%           95%         3
 Tukima's Dance           Hex            0%           95%         3
 Ice Form                 Ice/Tmut       0%           100%        4
 Petrify                  Tmut/Erth      0%           100%        4
 Alistair's Intoxication  Tmut/Pois      0%           100%        5
 Blade Hands              Tmut           0%           100%        5
 Lee's Rapid Deconstruct  Erth           0%           100%        5
 Metabolic Englaciation   Hex/Ice        0%           100%        5
 Yara's Violent Unravell  Hex/Tmut       0%           100%        5
 Invisibility             Hex            0%           100%        6


Dungeon Overview and Level Annotations

Branches:
Dungeon (15/15)            Temple (0/1) D:5            Lair (0/6) D:9
    Orc (0/2) D:10         Vaults (0/5) D:14         Depths (1/5) D:15

Altars:
Cheibriados
Dithmenos
Elyvilon
Fedhas
Gozag
Kikubaaqudgha
Nemelex Xobeh
Okawaru
Qazlal
Sif Muna
Uskayaw
Vehumet
Wu Jian
The Shining One

Shops:
D:5 (

Annotations:
D:4 3 runed translucent doors, seveneves's ghost, amateur MiFi


Innate Abilities, Weirdness & Mutations

You reflexively headbutt those who attack you in melee.
You have a pair of horns on your head.


Message History

You resist with almost no effort.
You hit the deep troll earth mage.
Lightning courses through the deep troll earth mage!
You kill the deep troll earth mage!
Qazlal accepts your kill.
A battlesphere comes into view.
You block the phantasmal warrior's attack.
BOUMMMMG!
The vampire knight points at itself and mumbles some strange words.
The vampire knight flickers and vanishes!
Deactivating autopickup; reactivate with Ctrl-A.
The fire dragon breathes flames at you. The blast of flame hits you!!!
* * * LOW HITPOINT WARNING * * *
A phantasmal warrior comes into view.
As you read the scroll of teleportation, it crumbles to dust.
You feel strangely unstable.
A tengu warrior comes into view. It is wielding a +1 halberd.
The phantasmal warrior hits you!!
You die...

### .. W#
#########'####
#........○...#
#.....§.@....+
#......WD....#
#.....ET..<..#
#.......T....#
#...$(.......#
#..........*Q#
#...[........#
#............Q.
#............#.


You could see a fire dragon (catching breath), a tengu warrior, 2 phantasmal
warriors, 2 deep troll earth magi, a water elemental, a tengu conjurer and a
battlesphere.

Vanquished Creatures
  Kirke (D:15)
  An ogre mage (D:12)
  A rakshasa (D:15)
  3 boulder beetles (D:15)
  A yaktaur captain (D:15)
  A great orb of eyes (Depths:1)
  An ice dragon (D:14)
  4 hydras
  A centaur warrior (D:15)
  4 two-headed ogres
  A deep troll earth mage (Depths:1)
  An unseen horror (D:15)
  A glowing orange brain (Depths:1)
  A deep troll (Depths:1)
  2 wizards
  11 ugly things
  4 cyclopes
  4 manticores
  Maurice (D:12)
  An elephant (shapeshifter) (D:14)
  A centaur zombie (D:14)
  5 gargoyles
  Maggie (D:7)
  An efreet (D:13)
  A komodo dragon (D:15)
  A yaktaur (D:15)
  A harpy zombie (D:15)
  2 trolls
  5 hornets
  6 slime creatures (D:14)
  2 shadows
  Sigmund (D:5)
  A vampire (D:13)
  A water elemental (Depths:1)
  19 yaks
  2 wraiths
  3 hogs (D:15)
  Eustachio (D:4)
  9 vampire mosquitoes
  2 steam dragons
  3 wargs (D:9)
  An acid dragon (D:15)
  A water moccasin (D:5)
  6 ice beasts
  3 sky beasts
  An eye of draining (D:13)
  6 orc warriors
  3 phantoms
  8 centaurs
  5 ogres
  A necrophage (D:7)
  A big kobold (D:7)
  Blork the orc (D:4)
  A wyvern zombie (D:7)
  7 bullfrogs
  4 scorpions
  10 wights
  14 killer bees
  12 howler monkeys
  A crimson imp (D:8)
  2 bullfrog zombies
  12 orc priests
  A gnoll shaman (D:6)
  8 hounds
  7 jellies
  5 bullfrog skeletons
  Crazy Yiuf (D:7)
  4 centaur skeletons
  7 iguanas
  15 orc wizards
  11 worker ants
  A hound zombie (D:7)
  A hound skeleton (D:6)
  Robin (D:4)
  A howler monkey skeleton (D:7)
  10 adders
  A shadow imp (D:7)
  2 white imps
  2 oozes (D:1)
  3 adder skeletons
  A worm (D:2)
  A dart slug (D:2)
  6 leopard geckos
  67 orcs
  2 ball pythons
  3 giant cockroaches
  12 goblins
  6 hobgoblins
  20 jackals
  7 kobolds
  6 quokkas
  8 bats
  6 frilled lizards
  A jackal skeleton (D:4)
  A leopard gecko skeleton (D:4)
  3 rats
444 creatures vanquished.

Vanquished Creatures (others)
  2 orcs (D:6)
  A kobold (D:7)
  A bat (D:3)
  63 plants
67 creatures vanquished.

Grand Total: 511 creatures vanquished

Notes
Turn   | Place    | Note
-------+----------+-------------------------------------------
     0 | D:1      | seveneves the Minotaur Fighter began the quest for the Orb.
     0 | D:1      | Reached XP level 1. HP: 19/19 MP: 0/0
   485 | D:1      | Reached XP level 2. HP: 27/27 MP: 1/1
   815 | D:2      | Reached XP level 3. HP: 33/33 MP: 2/2
   826 | D:2      | Reached skill level 4 in Shields
   989 | D:2      | Found a blossoming altar of Fedhas.
   998 | D:2      | Found a stormy altar of Qazlal.
  1013 | D:2      | Became a worshipper of Qazlal Stormbringer
  1438 | D:3      | Reached XP level 4. HP: 41/41 MP: 3/3
  1849 | D:3      | Found a stormy altar of Qazlal.
  2067 | D:4      | Found a runed translucent gate.
  2067 | D:4      | Found a runed translucent gate.
  2067 | D:4      | Found a runed translucent gate.
  2067 | D:4      | Identified the cursed +0 short sword of Iptaroqu {venom,
                  | Str+5}
  2067 | D:4      | Noticed seveneves's ghost (amateur MiFi)
  2067 | D:4      | Noticed a big kobold
  2067 | D:4      | Noticed a big kobold
  2172 | D:4      | Noticed an ogre
  2178 | D:4      | Killed an ogre
  2179 | D:4      | Reached XP level 5. HP: 25/47 MP: 4/4
  2264 | D:4      | Noticed Blork the orc
  2266 | D:4      | Reached skill level 1 in Dodging
  2271 | D:4      | Killed Blork the orc
  2272 | D:4      | Reached skill level 5 in Long Blades
  2272 | D:4      | Reached XP level 6. HP: 38/53 MP: 5/5
  2275 | D:4      | Noticed Robin
  2282 | D:4      | Killed Robin
  2285 | D:4      | Reached * piety under Qazlal
  2296 | D:4      | Reached skill level 5 in Shields
  2411 | D:4      | Noticed Eustachio
  2427 | D:4      | Killed Eustachio
  2428 | D:4      | Reached skill level 1 in Polearms
  2428 | D:4      | Reached skill level 5 in Armour
  2428 | D:4      | Reached XP level 7. HP: 60/60 MP: 6/6
  2468 | D:4      | Reached skill level 5 in Fighting
  2683 | D:4      | Got a flickering lead amulet
  2762 | D:4      | Identified the amulet "Keblifou" {Reflect Str+6 SH+5} (You
                  | found it on level 4 of the Dungeon)
  2949 | D:4      | Reached skill level 6 in Shields
  2986 | D:5      | Entered Level 5 of the Dungeon
  3013 | D:5      | Reached ** piety under Qazlal
  3141 | D:5      | Reached XP level 8. HP: 43/68 MP: 7/7
  3172 | D:5      | Noticed Sigmund
  3178 | D:5      | Killed Sigmund
  3179 | D:5      | Reached skill level 1 in Stealth
  3179 | D:5      | Reached skill level 7 in Shields
  3197 | D:5      | Found Ihovasa's Weapon Shop.
  3237 | D:5      | Found a staircase to the Ecumenical Temple.
  3483 | D:6      | Reached skill level 5 in Polearms
  3589 | D:6      | Reached skill level 8 in Shields
  3819 | D:6      | Reached XP level 9. HP: 75/75 MP: 8/8
  3888 | D:6      | Reached *** piety under Qazlal
  3975 | D:6      | Found a shimmering blue altar of Sif Muna.
  4424 | D:7      | Reached skill level 9 in Shields
  4611 | D:7      | Found a runed translucent door.
  4612 | D:7      | Noticed Crazy Yiuf
  4619 | D:7      | Killed Crazy Yiuf
  4620 | D:7      | Reached skill level 1 in Throwing
  4876 | D:7      | Noticed Maggie
  4889 | D:7      | Killed Maggie
  4960 | D:8      | Reached skill level 10 in Shields
  4993 | D:8      | Found a glowing golden altar of the Shining One.
  5069 | D:8      | Reached **** piety under Qazlal
  5151 | D:8      | Found a white marble altar of Elyvilon.
  5156 | D:8      | Found an iron altar of Okawaru.
  5156 | D:8      | Found an opulent altar of Gozag.
  5158 | D:8      | Found a shadowy altar of Dithmenos.
  5159 | D:8      | Found an ancient bone altar of Kikubaaqudgha.
  5160 | D:8      | Found a snail-covered altar of Cheibriados.
  5161 | D:8      | Found a shimmering blue altar of Sif Muna.
  5162 | D:8      | Found a sparkling altar of Nemelex Xobeh.
  5830 | D:9      | Reached XP level 10. HP: 84/84 MP: 9/9
  5905 | D:9      | Noticed a cyan ugly thing
  5905 | D:9      | Noticed a two-headed ogre
  5918 | D:9      | Killed a cyan ugly thing
  6102 | D:9      | Killed a two-headed ogre
  6103 | D:9      | Reached skill level 11 in Shields
  6199 | D:9      | Got a jewelled whip
  6232 | D:9      | Found a staircase to the Lair.
  6264 | D:9      | Identified the +5 whip of the Poles {elec, rC++} (You found
                  | it on level 9 of the Dungeon)
  6412 | D:9      | Found a radiant altar of Vehumet.
  6534 | D:10     | Entered Level 10 of the Dungeon
  6563 | D:10     | Found a hide-covered altar of Uskayaw.
  6597 | D:10     | Found a staircase to the Orcish Mines.
  6618 | D:10     | Noticed a sea snake
  6777 | D:10     | Found a blossoming altar of Fedhas.
  6930 | D:10     | Noticed a two-headed ogre
  6935 | D:10     | Reached skill level 1 in Invocations
  6945 | D:10     | Reached skill level 1 in Maces & Flails
  6950 | D:10     | Killed a two-headed ogre
  6951 | D:10     | Reached skill level 12 in Shields
  6960 | D:10     | Reached skill level 5 in Dodging
  7069 | D:10     | Reached XP level 11. HP: 74/92 MP: 6/11
  7491 | D:11     | Noticed a five-headed hydra
  7493 | D:11     | Noticed a green ugly thing
  7527 | D:11     | Killed a green ugly thing
  7527 | D:11     | Killed a five-headed hydra
  7528 | D:11     | Reached skill level 5 in Maces & Flails
  7528 | D:11     | Reached skill level 13 in Shields
  7840 | D:11     | Noticed a five-headed hydra
  7846 | D:11     | Killed a five-headed hydra
  8148 | D:12     | Reached skill level 14 in Shields
  8159 | D:12     | Noticed Maurice
  8167 | D:12     | Killed Maurice
  8185 | D:12     | Noticed a two-headed ogre
  8189 | D:12     | Noticed an ogre mage
  8192 | D:12     | Killed a two-headed ogre
  8193 | D:12     | Reached XP level 12. HP: 81/101 MP: 3/13
  8195 | D:12     | Paralysed by an ogre mage for 6 turns
  8204 | D:12     | Killed an ogre mage
  8910 | D:13     | Noticed a two-headed ogre
  8919 | D:13     | Killed a two-headed ogre
  9531 | D:14     | Reached skill level 15 in Shields
  9534 | D:14     | Noticed a six-headed hydra
  9543 | D:14     | Killed a six-headed hydra
  9945 | D:14     | Noticed an ice dragon
  9967 | D:14     | Killed an ice dragon
  9975 | D:14     | Found a gate to the Vaults.
 10096 | D:14     | Noticed an eight-headed hydra
 10102 | D:14     | Killed an eight-headed hydra
 10276 | D:14     | Reached XP level 13. HP: 108/108 MP: 15/15
 10282 | D:14     | Reached skill level 16 in Shields
 10474 | D:15     | Entered Level 15 of the Dungeon
 10574 | D:15     | Reached skill level 5 in Invocations
 10605 | D:15     | Reached skill level 17 in Shields
 10687 | D:15     | Noticed Kirke
 10693 | D:15     | Reached skill level 10 in Maces & Flails
 10720 | D:15     | Killed Kirke
 10870 | D:15     | Found an ornate altar of the Wu Jian Council.
 10954 | D:15     | Found a staircase to the Depths.
 11126 | Depths:1 | Entered Level 1 of the Depths
 11153 | Depths:1 | Noticed a fire dragon
 11165 | Depths:1 | Noticed a vampire knight
 11169 | Depths:1 | Slain by a phantasmal warrior

Illustrated notes

Levels and vault maps discovered:
D:1:      scummos_arrival_star, layout_basic
D:2:      layout_loops_cross, grunt_temple_overflow_forces_of_nature
D:3:      layout_rooms, grunt_qazlal_clouds
D:4:      layout_loops_corners, gammafunk_ghost_nasty_kobolds, uniq_robin,
          uniq_blork_the_orc, uniq_eustachio
D:5:      layout_cave_pools, minmay_temple_entry_ruins, serial_shops,
          nicolae_shop_trees, uniq_sigmund
D:6:      minmay_evil_eye, layout_gridville, led_sif_pool
D:7:      kennysheep_kobold_camp, layout_basic, kennysheep_nondescript,
          uniq_crazy_yiuf_cottage, uniq_maggie
D:8:      layout_basic, grunt_temple_overflow_lords_of_destruction, minitemple,
          old_standard_altar, hangedman_decor_points
D:9:      layout_loops_ring, erik_lair_orcish_takeover, basic_altar
D:10:     layout_roguey, orc_0_dummy, basic_altar, special_room
          [special_room_orc], serial_aquarium, aquarium_bridge_long_joined
          [aquarium_subvault_bridge, aquarium_subvault_bridge,
          aquarium_subvault_bridge, aquarium_subvault_window,
          aquarium_subvault_wall, aquarium_subvault_bridge], aquarium_window_1,
          aquarium_window_1, aquarium_view_2c, aquarium_pool_double,
          roderic_lattice_a, fedhas_altar_1
D:11:     layout_basic
D:12:     layout_loops_corners, minmay_misc_feat_enclosed,
          hangedman_abyss_or_decor_lesser_grid, minmay_checkerbox, uniq_maurice
D:13:     layout_irregular_city
D:14:     layout_stronghold, david_vaults_4
D:15:     grunt_enter_depths_snipers, layout_rooms, minmay_misc_feat_doors,
          basic_altar, uniq_kirke
Depths:1: layout_gridlike, enter_ziggurat_f, grunt_pan_entry_sceptre,
          pf_coc_iceberg, abyss_entry, minmay_fractal_squares_gapless_7,
          serial_bayou_shore_a

Skill      XL: |  1  2  3  4  5  6  7  8  9 10 11 12 13 |
---------------+----------------------------------------+-----
Fighting       | 4 5 6 7 8 9 |  9.3
Long Blades    | 3 4 5 6 |  6.2
Shields        | 4 5 6 8 10 12 14 15 17 | 17.7
Armour         | 4 5 6 7 8 |  8.7
Dodging        | 1 2 3 5 6 7 |  7.6
Polearms       | 1 4 6 7 9 |  9.3
Stealth        | 1 2 |  2.9
Throwing       | 1 2 3 |  3.4
Invocations    | 1 3 4 5 |  5.1
Maces & Flails | 2 6 8 10 | 10.6
Evocations     | |  0.7

Action                   |  1- 3 |  4- 6 |  7- 9 | 10-12 | 13-15 || total
-------------------------+-------+-------+-------+-------+-------++-------
Melee: Long sword        |    95 |    60 |       |       |       ||   155
       Headbutt          |    22 |    15 |    83 |   160 |    92 ||   372
       Spear             |       |    15 |   337 |    84 |       ||   436
       Whip              |       |       |       |   519 |   251 ||   770
Throw: Boomerang         |       |       |    19 |    19 |     5 ||    43
Invok: Upheaval          |       |       |       |    39 |     7 ||    46
Evoke: Wand              |       |       |     3 |       |       ||     3
  Use: Scroll            |     1 |     9 |     2 |    15 |     3 ||    30
       Potion            |     1 |     6 |     9 |       |     1 ||    17
Armor: Scale mail        |    44 |    17 |    37 |    56 |    19 ||   173
Dodge: Dodged            |    36 |     9 |    49 |    46 |    10 ||   150
Block: Kite shield       |    53 |    64 |   325 |   752 |   262 ||  1456
       Reflection        |       |       |    17 |    26 |    14 ||    57
       Rpst.: Long sword |    12 |     3 |       |       |       ||    15
